 Dungeon Crawl Stone Soup version 0.31-a0-198-g2ad674f65e (webtiles) character file.

Game seed: 5737903964571208400

16 qw the Shooter (level 2, -1/16 HPs)
             Began as a Deep Elf Hunter on June 25, 2023.
             Slain by a worm (6 damage)
             ... on level 2 of the Dungeon.
             The game lasted 00:00:12 (782 turns).

qw the Shooter (Deep Elf Hunter)                     Turns: 782, Time: 00:00:13

Health: -1/16      AC:  6    Str:  8    XL:     2   Next: 37%
Magic:  4/4        EV:  8    Int: 13    God:
Gold:   90         SH:  0    Dex: 18    Spells: 1/1 levels left

rFire   . . .        Y - +0 shortbow
rCold   . . .        (shield currently unavailable)
rNeg    . . .        h - +0 scale mail
rPois   .            (no helmet)
rElec   .            (no cloak)
rCorr   .            (no gloves)
SInv    .            (no boots)
Will    .....        (no amulet)
Stlth   +            (no ring)
HPRegen 0.22/turn    (no ring)
MPRegen 0.09/turn

%: no passive effects
@: no status effects
A: no striking features
a: no special abilities


You were on level 2 of the Dungeon.
You visited 1 branch of the dungeon, and saw 2 of its levels.

You collected 90 gold pieces.


   Skills:
 - Level 1.5 Fighting
 + Level 6.2 Ranged Weapons
 - Level 2.4 Dodging
 - Level 1.2 Stealth


You had one spell level left.
You didn't know any spells.
Your spell library was empty.

Inventory:

Hand Weapons
 Y - a +0 shortbow (weapon)
Armour
 b - a +0 ring mail
 h - a +0 scale mail (worn)
Scrolls
 g - a scroll of enchant armour
Potions
 a - a potion of lignification {unknown}

Dungeon Overview and Level Annotations

Branches:
Dungeon (2/15)

Altars:


Message History

You see here a bat corpse.
a - a fizzy purple potion
b - a +0 ring mail You see here a +0 long sword.
Found an escape hatch in the ceiling.
Found a dagger.
Found a stone staircase leading up.
You now have 90 gold pieces (gained 12).
You open the door.
A giant cockroach, a worm and an endoplasm come into view.
The endoplasm quivers.
You shoot an arrow. The arrow barely misses the endoplasm.
The arrow hits the giant cockroach but does no damage.
The endoplasm hits you but does no damage.
You shoot an arrow.
The arrow hits the endoplasm but does no damage.
The endoplasm hits you. x2
You shoot an arrow. The arrow hits the endoplasm!
You kill the endoplasm!
You shoot an arrow. The arrow hits the giant cockroach.
The giant cockroach is almost dead.
The giant cockroach bites you but does no damage.
The giant cockroach barely misses you.
You shoot an arrow. The arrow hits the giant cockroach.
You kill the giant cockroach!
You shoot an arrow. The arrow hits the worm.
The worm is lightly wounded.
The worm bites you.
You shoot an arrow. The arrow hits the worm!
The worm is heavily wounded.
The worm closely misses you.
You shoot an arrow. The arrow barely misses the worm.
The worm bites you.
You shoot an arrow. The arrow barely misses the worm.
You shoot an arrow. The arrow barely misses the worm.
The worm bites you.
You shoot an arrow. The arrow hits the worm.
The worm is heavily wounded.
The worm bites you.
You die...

#.#..#..#
#.#.....# .
#....#.## ..
####.### ...
#.# .... #.#
..... #.#
......#####.#
......w@....#
......#######
..... ....
... #. #


You could see a worm.

Vanquished Creatures
  4 bats
  3 endoplasms
  2 giant cockroaches
  A quokka (D:1)
  3 ball pythons (D:1)
  A rat (D:1)
14 creatures vanquished.

Notes
Turn   | Place    | Note
-------+----------+-------------------------------------------
     0 | D:1      | qw the Deep Elf Hunter began the quest for the Orb.
     0 | D:1      | Reached XP level 1. HP: 12/12 MP: 3/3
     0 | D:1      | 0 ||| qw: Version: 0.3-a-22-g0ed2b0b
     0 | D:1      | 0 ||| qw: Game counter: 5055
     0 | D:1      | 0 ||| qw: Melee chars always use a shield: true
     0 | D:1      | 0 ||| qw: God list: Okawaru
     0 | D:1      | 0 ||| qw: Allow faded altars: false
     0 | D:1      | 0 ||| qw: Do Orc after clearing Dungeon:15 true
     0 | D:1      | 0 ||| qw: Do second Lair branch before Depths: true
     0 | D:1      | 0 ||| qw: Lair rune preference: random
     0 | D:1      | 0 ||| qw: Goals: Normal
     0 | D:1      | 0 ||| PLANNING D:1-11
   193 | D:1      | Reached XP level 2. HP: 16/16 MP: 4/4
   246 | D:1      | Reached skill level 6 in Ranged Weapons
   652 | D:1      | 652 ||| UPGRADING to +0 scale mail.
   662 | D:1      | 662 ||| DROPPING +0 leather armour.
   663 | D:1      | 663 ||| READING scroll labelled KESTRA AXADIGI.
   666 | D:1      | 666 ||| READING scroll labelled LUATWODOCAG.
   667 | D:1      | 667 ||| READING scroll labelled DIUPTYAXIPS.
   668 | D:1      | 668 ||| READING 2 scrolls labelled ATUESE ZITA.
   669 | D:1      | 669 ||| READING scroll labelled HULOAKHLYBB.
   670 | D:1      | 670 ||| DROPPING scroll of butterflies.
   782 | D:2      | Slain by a worm

Levels and vault maps discovered:
D:1:      nzn_arrival_water_spiral, layout_basic, minmay_tromino_v4_c
D:2:      layout_basic, hellmonk_ecumenical_altar_pennies_from_heaven,
          dk_noncrumbling_2, grunt_decor_one_mirror, serial_bayou_ford_a,
          corexii_hall_statues_u

Skill      XL: |  1  2 |
---------------+-------+-----
Ranged Weapons | 6 |  6.2
Fighting       | |  1.5
Dodging        | |  2.4
Stealth        | |  1.2

Action                     || total
---------------------------++-------
   Fire: Shortbow          ||    37
    Use: Scroll            ||     5
 Armour: Leather armour    ||     3
         Scale mail        ||     5
  Dodge: Dodged            ||     9

Table legend:
 A = Non-vault XP
 B = Vault XP
 C = Vault XP percentage of total XP
 D = Non-vault monster count
 E = Vault monster count
 F = Vault count percentage of total count
                 A         B        C        D         E       F
            +---------+---------+-------+---------+---------+-------
      Total |      19 |       4 |  17.4 |      12 |       2 |  14.3
            +---------+---------+-------+---------+---------+-------
        D:1 |      14 |       4 |  22.2 |       9 |       2 |  18.2
        D:2 |       5 |       0 |   0.0 |       3 |       0 |   0.0
            +---------+---------+-------+---------+---------+-------
